 Dungeon Crawl Stone Soup version 0.29.1-15-g9cfb28693d (webtiles) character file.

Game seed: 13256355602150337957

293 protoss039 the Digger (level 6, 41/41 HPs)
             Began as a Demonspawn Earth Elementalist on Mar 19, 2023.
             Got out of the dungeon alive.
             The game lasted 00:02:46 (2122 turns).

protoss039 the Digger (DsEE)                        Turns: 2122, Time: 00:02:46

Health: 41/41      AC:  4    Str:  9    XL:     6   Next: 11%
Magic:  10/10      EV: 12    Int: 18    God:
Gold:   67         SH:  0    Dex: 13    Spells: 8/11 levels left

rFire   . . .      SeeInvis .   d - +0 sling
rCold   . . .      Faith    .   e - orb {*channel}
rNeg    . . .      Spirit   .   a - +0 robe
rPois   .          Reflect  .   (no helmet)
rElec   .          Harm     .   (no cloak)
rCorr   .          Rampage  .   h - +0 pair of gloves
Will    .....                   (no boots)
Stlth   ++........              (no amulet)
HPRegen 0.13/turn               (no ring)
MPRegen 0.12/turn               (no ring)

@: no status effects
A: ignite blood 1, powered by pain 2, sharp scales 1
a: no special abilities


You escaped.
You visited 1 branch of the dungeon, and saw 2 of its levels.

You collected 93 gold pieces.
You spent 26 gold pieces at shops.

Inventory:

Hand Weapons
 d - a +0 sling (weapon)
Armour
 a - a +0 robe (worn)
 e - an orb of energy (worn)
 h - a +0 pair of gloves (worn)
Scrolls
 b - a scroll of identify {unknown}
 c - 2 scrolls of magic mapping {unknown}
 g - a scroll of teleportation {unknown}
 j - a scroll of butterflies {unknown}
 l - a scroll of enchant weapon {unknown}
Potions
 f - 2 potions of mutation {unknown}
 i - 4 potions of curing {unknown}
 k - a potion of brilliance {unknown}
 m - a potion of heal wounds {unknown}
 n - a potion of degeneration {unknown}


   Skills:
 + Level 3.0 Dodging
 + Level 3.2 Stealth
 + Level 3.1 Spellcasting
 + Level 2.4 Transmutations
 + Level 3.6 Earth Magic


You had 8 spell levels left.
You knew the following spells:

 Your Spells              Type           Power      Damage    Failure   Level
a - Sandblast             Erth           32%        2d9       3%          1
b - Passwall              Tmut/Erth      10%        N/A       7%          2

Your spell library contained the following spells:

 Spells                   Type           Power      Damage    Failure   Level
 Stone Arrow              Conj/Erth      18%        3d8       22%         3
 Petrify                  Tmut/Erth      13%        N/A       41%         4


Dungeon Overview and Level Annotations

Branches:
Dungeon (2/15) Zot: 9815

Altars:

Shops:
D:2 *


Innate Abilities, Weirdness & Mutations

Your demonic aura sometimes causes spilled blood to erupt in flames.
You sometimes gain power by taking damage.
You are partially covered in razor-sharp scales. (AC +1, Slay +1)


Message History

Aim: Sigmund, wielding a +0 scythe and wearing a +0 robe (severely wounded, 80% to hit)
The blast of sand hits Sigmund!
Sigmund is almost dead.
Sigmund misses you.
Casting: Sandblast (safe; 4% risk of failure)
Confirm with . or Enter, or press ? or * to list all spells.
Aiming: Sandblast (safe; 4% risk of failure)
Press: ? - help, Shift-Dir - straight line, f/p - Sigmund
Aim: Sigmund, wielding a +0 scythe and wearing a +0 robe (almost dead, 80% to hit)
The blast of sand hits Sigmund!
You kill Sigmund!
Your Dodging skill increases to level 3!
Your Stealth skill increases to level 3!
Your Spellcasting skill increases to level 3!
Your Transmutations skill increases to level 2!
You have reached level 5!
Your demonic ancestry asserts itself...
You feel energised by your suffering.
You have reached level 6!
Your demonic ancestry asserts itself...
You feel even more energised by your suffering.
Unknown command.
Unknown command.
Things that are here:
a +0 scythe; a +0 robe; the human corpse of Sigmund Unknown command.
(D) Dungeon
Where to? (Enter - D:1 @ (x,y), ? - help)
What level of the Dungeon? (default 1, ? - help)
There is a stone staircase leading up here.
You climb upwards.
There is a stone staircase leading down here.
You see here a +0 short sword.
Magic restored.
You see here a +0 club.
There is an open gate here.
There is an open door here.
There is a staircase leading out of the dungeon here.
Are you sure you want to leave the Dungeon?
This will make you lose the game!
You have escaped!

##♣..............♣#
....♣♣♣#'''#♣♣♣...#
....♣###...###♣♣.♣#
.♣♣♣##.......# ♣♣♣
♣♣####....8..####
###..#.......#..###
#....#.8...8.'....#
#....#...⌠...#....#
#.⌠..'.8...8.#..@.#
#....#.......#....#
###################


There were no monsters in sight!

Vanquished Creatures
  Sigmund (D:2)
  Jessica (D:2)
  4 gnolls (D:2)
  A worm (D:2)
  2 dart slugs (D:1)
  5 endoplasms
  4 giant cockroaches
  3 goblins
  4 hobgoblins
  6 jackals (D:1)
  A quokka (D:1)
  3 ball pythons
  3 bats (D:1)
  6 frilled lizards
  10 rats
54 creatures vanquished.

Notes
Turn   | Place    | Note
-------+----------+-------------------------------------------
     0 | D:1      | protoss039 the Demonspawn Earth Elementalist began the
                  | quest for the Orb.
     0 | D:1      | Reached XP level 1. HP: 13/13 MP: 3/3
    72 | D:1      | Reached skill level 1 in Transmutations
    93 | D:1      | Gained mutation: Your demonic aura sometimes causes spilled
                  | blood to erupt in flames. [demonic ancestry]
    93 | D:1      | Reached XP level 2. HP: 7/19 MP: 3/5
   821 | D:1      | Gained mutation: You are partially covered in razor-sharp
                  | scales. (AC +1, Slay +1) [demonic ancestry]
   821 | D:1      | Reached XP level 3. HP: 23/24 MP: 6/6
  1257 | D:2      | Learned a level 2 spell: Passwall
  1257 | D:2      | Noticed Jessica
  1259 | D:2      | Killed Jessica
  1370 | D:2      | Reached XP level 4. HP: 30/30 MP: 7/7
  1748 | D:2      | Found Koan's Assorted Antiques.
  1757 | D:2      | Bought a red potion for 26 gold pieces
  2009 | D:2      | Noticed Sigmund
  2016 | D:2      | Killed Sigmund
  2017 | D:2      | Gained mutation: You sometimes gain a little power by
                  | taking damage. [demonic ancestry]
  2017 | D:2      | Reached XP level 5. HP: 33/35 MP: 4/9
  2017 | D:2      | Gained mutation: You sometimes gain power by taking damage.
                  | [demonic ancestry]
  2017 | D:2      | Reached XP level 6. HP: 38/41 MP: 4/10
  2122 | D:$      | Got out of the dungeon alive.

Illustrated notes

Levels and vault maps discovered:
D:1:      sevenhm_arrival_forest_fort_large_2, layout_basic,
          minmay_misc_feat_columns, minmay_circled_x
D:2:      layout_loops_ring, serial_shops, shop, uniq_jessica,
          uniq_crazy_yiuf_cottage, uniq_sigmund

Skill      XL: |  1  2  3  4 |
---------------+-------------+-----
Transmutations | 1 2 |  2.4
Dodging        | 2 3 |  3.0
Stealth        | 2 3 |  3.2
Earth Magic    | 3 |  3.6
Spellcasting   | 3 |  3.1

Action                   |  1- 3 |  4- 6 || total
-------------------------+-------+-------++-------
Melee: Unarmed           |    18 |       ||    18
       Punch             |     1 |       ||     1
 Fire: Sling             |    63 |    45 ||   108
 Cast: Sandblast         |    23 |    17 ||    40
  Use: Potion            |     1 |       ||     1
Armor: Robe              |    19 |     6 ||    25
Dodge: Dodged            |    59 |    20 ||    79
